 Dungeon Crawl Stone Soup version 0.16-a0-38-g23a437e (webtiles) character file.

228887 PolkaDot the Maledictor (level 18, 0/129 HPs)
             Began as a Vampire Enchanter on Aug 3, 2014.
             Was the Champion of Ashenzari.
             Slain by an ettin
             ... wielding a +2 dire flail of holy wrath
              (20 damage)
             ... on Level 2 of the Vaults on Aug 4, 2014.
             The game lasted 03:05:12 (43112 turns).

PolkaDot the Maledictor (Vampire Enchanter)        Turns: 43112, Time: 03:05:12

HP   0/129       AC 15     Str 15      XL: 18   Next: 28%
MP  31/35        EV 15     Int 29      God: Ashenzari [******]
Gold 3166        SH  8     Dex 16      Spells: 11 memorised,  1 level left

rFire  + . .     SeeInvis +     p - +11 dagger of Esmiun {stab, Stlth+}
rCold  + + .     Clarity  +     d - +2 robe {rF+} (curse)
rNeg   + + +     rCorr    .     o - +2 buckler (curse)
rPois  +         rRot     +     e - +2 hat {Int+3} (curse)
rElec  .         Spirit   .     P - +2 cloak (curse)
SustAb .         Warding  .     u - +2 pair of gloves of Dishonesty {Str+3 Int+3}
rMut   .         Stasis   .     q - +2 pair of boots (curse)
Gourm  .                        K - cursed amulet of Olefuix {Faith Str+5 Dex+2}
MR     +....                    f - cursed +5 ring of slaying
                                y - cursed ring of Liberty {+Fly Slay+4}

@: very slightly contaminated, bloodless, non-regenerating, constricted,
invisible, somewhat resistant to hostile enchantments, uncannily stealthy
A: bottle blood, fangs 3, see invisible, unbreathing
a: Bat Form, Bottle Blood, Scrying, Transfer Knowledge, Renounce Religion, Evoke
Flight
}: 2/15 runes: decaying, gossamer


You were on level 2 of the Vaults.
You worshipped Ashenzari.
Ashenzari was exalted by your worship.
You were bloodless.

You visited 6 branches of the dungeon, and saw 36 of its levels.
You also visited: Ice Cave.

You collected 3285 gold pieces.
You spent 119 gold pieces at shops.

Inventory:

Hand weapons
 p - the cursed +11 dagger of Esmiun (weapon) {stab, Stlth+}
   (You found it on level 5 of the Swamp)

   It inflicts extra damage upon your enemies.
   It makes you more stealthy.
   It has a curse placed upon it.
Missiles
 z - 6 throwing nets (quivered)
Armour
 d - a cursed +2 robe of fire resistance (worn)
 e - a cursed +2 hat of intelligence (worn)
 o - a cursed +2 buckler (worn)
 q - a cursed +2 pair of boots (worn)
 u - the cursed +2 pair of gloves of Dishonesty (worn) {Str+3 Int+3}
   (You acquired it on level 8 of the Lair of Beasts)

   It affects your strength (+3).
   It affects your intelligence (+3).
   It has a curse placed upon it.
 P - a cursed +2 cloak (worn)
Magical devices
 h - a wand of paralysis (4)
 G - a wand of heal wounds (7)
 N - a wand of fire (4)
 R - a wand of digging (16)
Scrolls
 a - 5 scrolls of recharging
 b - 4 scrolls of curse armour
 c - a scroll of silence
 l - 3 scrolls of fear
 n - 4 scrolls of fog
 t - 4 scrolls of immolation
 v - 12 scrolls of teleportation
 A - 3 scrolls of vulnerability
 B - 2 scrolls of torment
 D - a scroll of blinking
 E - 5 scrolls of remove curse
 L - a scroll of identify
 M - 2 scrolls of curse jewellery
 T - a scroll of enchant weapon
Jewellery
 f - a cursed +5 ring of slaying (right hand)
 y - the cursed ring of Liberty (left hand) {+Fly Slay+4}
   (You found it on level 8 of the Dungeon)

   [ring of flight]

   It affects your accuracy and damage with ranged weapons and melee attacks
   (+4).
   It lets you fly.
   It has a curse placed upon it.
 K - the cursed amulet of Olefuix (around neck) {Faith Str+5 Dex+2}
   (You found it in an ice cave)

   [amulet of faith]

   It allows you to gain divine favour quickly.
   It affects your strength (+5).
   It affects your dexterity (+2).
   It has a curse placed upon it.
Potions
 i - 5 potions of brilliance
 j - 12 potions of curing
 k - a potion of heal wounds
 r - 6 potions of restore abilities
 s - 2 potions of cure mutation {!q}
 x - a potion of might
 C - 4 potions of cancellation
 H - 3 potions of invisibility
 O - 2 potions of flight
 S - a potion of magic
 U - 2 potions of agility
Books
 F - a book of Wizardry

   Spells                             Type                      Level
   Agony                              Necromancy                   5
   Force Lance                        Conjuration                  5
   Dispersal                          Translocation                6
   Haste                              Charms                       6
   *Invisibility                      Hexes                        6
   Spellforged Servitor               Conjuration/Summoning        7


   Skills:
 - Level 8.2 Fighting
 - Level 14.0(18.1) Short Blades
 - Level 2.1(5.5) Dodging
 - Level 22.9(26.2) Stealth
 - Level 5.0(8.0) Shields
 * Level 10.6 Spellcasting
 + Level 23.2(26.5) Hexes
 + Level 4.3(8.6) Charms
 - Level 3.8(7.9) Translocations
 - Level 9.6(13.9) Transmutations
 - Level 1.2(3.9) Ice Magic
 - Level 7.4(11.9) Evocations


You had one spell level left.
You knew the following spells:

 Your Spells              Type           Power        Failure   Level  Hunger
a - Corona                Hex            #######      0%          1    None
b - Sure Blade            Hex/Chrm       #######...   0%          2    None
c - Confuse               Hex            ########     0%          3    None
d - Ensorcelled Hibernat  Hex/Ice        ######       0%          2    None
e - Enslavement           Hex            ########     0%          4    None
i - Invisibility          Hex            ########     1%          6    #####..
p - Passwall              Trmt/Erth      ######....   1%          3    None
s - Dazzling Spray        Conj/Hex       #######.     1%          3    None
A - Apportation           Tloc           ######....   1%          1    None
Q - Silence               Hex/Air        #######...   1%          5    ##.....
S - Darkness              Hex            ########..   1%          7    ######.


Dungeon Overview and Level Annotations

Branches:
Dungeon (15/15)            Temple (1/1) D:6             Orc (0/4) D:11
   Lair (8/8) D:11          Swamp (5/5) Lair:4       Spider (5/5) Lair:4
  Slime (0/6) Lair:6       Vaults (2/5) D:14         Depths (0/5) D:15
  Crypt: Vaults:2-3

Altars:
Ashenzari
Cheibriados
Dithmenos
Elyvilon
Fedhas
Gozag
Kikubaaqudgha
Makhleb
Nemelex Xobeh
Okawaru
Qazlal
Sif Muna
Trog
Vehumet
Xom
Yredelemnul
Zin
The Shining One
Jiyva

Shops:
D:10 [   D:13 *   Vaults:2 *


Innate Abilities, Weirdness & Mutations

You do not heal naturally.
You can bottle blood from corpses.
You have razor-sharp teeth.
You have supernaturally acute eyesight.
You can survive without breathing.


Message History

* * * LOW HITPOINT WARNING * * *
You block the tentacled monstrosity's attack.
* * * LOW HITPOINT WARNING * * *
The tentacled monstrosity constricts you.
The sphinx mumbles some strange words.
Something smites you!
* * * LOW HITPOINT WARNING * * *
The ettin barely misses you. You block the ettin's attack.
A shadow wraith comes into view.
Read which item? (? for menu, Esc to quit)
Okay, then.
Drink which item? (? for menu, Esc to quit)
Okay, then.
Drink which item? (? for menu, Esc to quit)
You feel much better.
The tentacled monstrosity tentacle-slaps you but does no damage. x3
* * * LOW HITPOINT WARNING * * *
The tentacled monstrosity constricts you.
The ettin hits you with a dire flail of holy wrath!!
You die...

,, , ,,,,
........(... ...
,,
,,,............
#..#**
***########....
#..# * , ,* #....
#..# ##### *
#.... #..# #.e.#
.#* * #.... #..#
#.Dp##..#,{{*
#.[..
#..###CpXC...#W.,
#....
#..#.##@pHyXy...{
#....
#..+....CuHW...#*
,#....
#..#....HHc..p. ,
,#....
#..#...##p.L##.,,
#.... #.)#.###
...#* *,,,#....
#.)### .p.#
**,#.... #.)#
*### #.... #))#
#.... #).# #)...


You could see a shadow dragon, 2 tentacled monstrosities, 2 sphinxes, a stone
giant (wandering), 2 vault wardens, a lich (invisible), 2 ironheart preservers,
a yaktaur captain, 2 griffons, a purple ugly thing (wandering), 2 ettins, 2
shadow wraiths, an ironbrand convoker (wandering), a red wasp (wandering), a
deep elf conjurer (wandering), a human (wandering) and a vampire mosquito
(wandering).

Vanquished Creatures
  A sphinx (Vaults:2)
  2 thorn hunters (Swamp:5)
  Rupert (D:14)
  Roxanne (Swamp:4)
  Donald (D:14)
  3 ghost moths (Spider:5)
  Aizul (Swamp:3)
  2 vault wardens (Vaults:1)
  4 emperor scorpions (Spider:5)
  Gastronok (Lair:2)
  A ghoul (Swamp:2)
  2 rakshasas (Vaults:1)
  A very ugly thing (Vaults:2)
  2 stone giants (Vaults:2)
  A deep elf annihilator (Vaults:2)
  Snorg (Swamp:2)
  3 great orbs of eyes
  3 fire dragons
  Josephine (Swamp:1)
  5 ironheart preservers
  3 yaktaur captains
  Harold (Lair:2)
  24 hydras
  2 shambling mangroves
  A siren (Swamp:1)
  Nessos (D:14)
  4 ice dragons
  8 centaur warriors
  7 death yaks
  3 tengu warriors (D:15)
  7 alligators
  7 ogre magi
  Nergalle (Lair:2)
  4 spriggans
  4 skeletal warriors
  A shadow wraith (Vaults:2)
  8 swamp dragons
  A fire crab (Lair:5)
  2 deep elf knights (D:15)
  A storm dragon skeleton (Vaults:2)
  A deep troll (Vaults:2)
  3 orb spiders (Spider:5)
  8 hill giants
  3 spriggan druids (Swamp:5)
  2 lindwurms (Lair:8)
  2 unseen horrors (D:10)
  3 necromancers (Vaults:2)
  Pikel (D:6)
  7 orc knights
  4 wolf spiders
  6 ironbrand convokers
  An orc sorcerer (Vaults:1)
  A manticore (D:15)
  16 ugly things
  12 harpies
  5 cyclopes
  3 griffons (Vaults:2)
  6 red wasps
  A draconian (shapeshifter) (D:13)
  A centaur zombie (D:15)
  A griffon (shapeshifter) (Vaults:1)
  A mermaid (shapeshifter) (D:14)
  A salamander (shapeshifter) (D:13)
  2 moths of wrath
  A titan simulacrum (Vaults:2)
  A frost giant skeleton (Vaults:2)
  7 elephants
  2 vault sentinels (Vaults:2)
  A spiny frog (shapeshifter) (D:14)
  A black mamba (shapeshifter) (D:13)
  A gargoyle (D:11)
  3 black mambas
  2 torpor snails
  18 spiny frogs
  13 yaktaurs
  A fire drake (shapeshifter) (Vaults:1)
  8 komodo dragons
  11 fire drakes
  A harpy zombie (Vaults:2)
  A sphinx simulacrum (Vaults:2)
  14 giant leeches
  2 jumping spiders (Spider:5)
  A jumping spider (shapeshifter) (Vaults:2)
  2 polar bears (D:13)
  A hydra zombie (D:15)
  3 trolls
  17 two-headed ogres
  A raiju (shapeshifter) (Vaults:2)
  A slime creature (shapeshifter) (D:15)
  22 slime creatures
  10 ravens
  2 boulder beetles
  A fire dragon zombie (Vaults:2)
  A fire giant simulacrum (Vaults:2)
  19 bog bodies
  6 trapdoor spiders
  2 shadows (D:15)
  21 blink frogs
  3 basilisks
  12 redbacks
  7 tarantellas
  3 human skeletons (Vaults:2)
  4 wraiths
  A hungry ghost (D:12)
  Eustachio (D:6)
  A hill giant zombie (D:13)
  A deep elf mage (D:9)
  4 wyverns
  35 yaks
  16 humans (D:14)
  8 hippogriffs
  A deep elf fighter (Vaults:2)
  6 wolves
  An ogre zombie (D:12)
  4 mottled dragons
  4 wargs
  Menkaure (D:6)
  A raven zombie (Swamp:1)
  A spiny frog zombie (Swamp:1)
  29 ice beasts
  25 vampire mosquitoes
  21 swamp worms
  21 water moccasins
  17 swamp drakes
  An alligator simulacrum (Swamp:1)
  24 ogres
  6 necrophages
  2 phantoms
  8 porcupines
  4 boggarts (Vaults:2)
  A slave (D:6)
  6 spiders
  18 orc warriors
  3 sky beasts
  6 yellow wasps
  An elf skeleton (D:15)
  14 crocodiles
  24 centaurs
  5 brain worms
  Sigmund (D:3)
  Duvessa (D:6)
  16 giant frogs
  An elf zombie (D:12)
  A gnoll sergeant (D:8)
  Blork the orc (D:4)
  16 insubstantial wisps
  A cyclops zombie (D:15)
  3 cyclops skeletons
  10 wights
  33 killer bees
  5 scorpions
  A manticore simulacrum (D:13)
  3 electric eels (D:8)
  2 eyes of draining
  6 crimson imps
  Dowan (D:6)
  A fire crab simulacrum (D:13)
  A giant frog zombie (D:5)
  3 goliath beetles
  5 hounds
  A human simulacrum (Vaults:2)
  4 two-headed ogre zombies (Vaults:2)
  19 jellies
  Crazy Yiuf (D:4)
  3 human zombies (D:12)
  17 orc priests
  3 giant frog skeletons
  A kobold skeleton (D:14)
  A cyclops simulacrum (D:13)
  10 iguanas
  A two-headed ogre skeleton (D:9)
  14 orc wizards
  3 orange rats (Lair:8)
  25 sheep
  10 worker ants
  A killer bee zombie (D:7)
  A giant frog simulacrum (D:13)
  A kobold simulacrum (D:13)
  Terence (D:3)
  2 hound skeletons
  3 mummies (D:12)
  20 adders
  8 gnolls
  24 green rats
  An orc zombie (D:12)
  A scorpion zombie (D:6)
  4 shadow imps
  A mottled dragon simulacrum (D:13)
  4 white imps (D:13)
  3 giant mites
  An inept feature mimic (D:4)
  20 worms
  2 ufetubi (D:13)
  A swamp drake simulacrum (Swamp:1)
  An adder zombie (D:5)
  15 oozes
  66 orcs
  25 bats
  6 giant cockroaches
  A gnoll zombie (D:7)
  13 goblins
  20 hobgoblins
  9 jackals
  21 kobolds
  12 quokkas
  A ball python (D:1)
  5 giant geckos
  7 giant newts
  A giant spore (D:8)
  A kobold zombie (D:7)
  4 orc skeletons
  A quokka skeleton (D:5)
  10 rats
  7 ballistomycetes
  A fungus (D:4)
  3 plants (Lair:8)
1321 creatures vanquished.

Vanquished Creatures (collateral kills)
  A deep elf demonologist (Vaults:2)
  An ironheart preserver (Vaults:2)
  A tengu warrior (D:15)
  An orc sorcerer (D:15)
  A red devil (Vaults:1)
  A deep elf priest (Vaults:2)
  A giant leech (Swamp:5)
  A bog body (Swamp:5)
  A vampire mosquito (Swamp:2)
  2 deep elf fighters (Vaults:2)
  A big kobold (D:8)
  A killer bee (D:12)
  An orc priest (Vaults:1)
  A gnoll (D:8)
  A goblin (D:6)
  2 kobolds (D:8)
18 creatures vanquished.

Vanquished Creatures (others)
  An ogre mage (Vaults:1)
  A boggart (Vaults:2)
  A centaur (Vaults:1)
  2 ogres (Vaults:2)
  A crimson imp (D:6)
  2 jackals (D:6)
  A giant spore (D:10)
  A jackal skeleton (D:8)
  2 briar patches (Swamp:5)
  5 fungi
  A plant (Lair:5)
18 creatures vanquished.

Grand Total: 1357 creatures vanquished

Notes
Turn   | Place    | Note
--------------------------------------------------------------
     0 | D:1      | PolkaDot, the Vampire Enchanter, began the quest for the Orb.
     0 | D:1      | Reached XP level 1. HP: 13/13 MP: 3/3
   383 | D:1      | Reached XP level 2. HP: 19/19 MP: 4/4
   387 | D:1      | Learned a level 2 spell: Ensorcelled Hibernation
  1681 | D:2      | Reached skill level 1 in Ice Magic
  1681 | D:2      | Reached XP level 3. HP: 20/24 MP: 3/6
  1761 | D:2      | Learned a level 3 spell: Confuse
  1805 | D:2      | Found an ancient bone altar of Kikubaaqudgha.
  2013 | D:2      | Found a white marble altar of Elyvilon.
  2401 | D:3      | Noticed Terence
  2455 | D:3      | Killed Terence
  2455 | D:3      | Reached XP level 4. HP: 16/30 MP: 5/7
  2781 | D:3      | Reached skill level 5 in Hexes
  3276 | D:3      | Reached XP level 5. HP: 18/35 MP: 1/9
  3279 | D:3      | Reached skill level 5 in Stealth
  3380 | D:3      | Reached skill level 6 in Hexes
  3647 | D:3      | Reached XP level 6. HP: 19/41 MP: 10/10
  3652 | D:3      | Learned a level 3 spell: Dazzling Spray
  3668 | D:3      | Noticed Sigmund
  3677 | D:3      | Killed Sigmund
  3677 | D:3      | Reached skill level 7 in Hexes
  3864 | D:4      | Found a bloodstained altar of Trog.
  3864 | D:4      | Noticed Blork the orc
  3881 | D:4      | Killed Blork the orc
  3881 | D:4      | Reached skill level 8 in Hexes
  4460 | D:4      | Reached XP level 7. HP: 19/46 MP: 3/14
  4732 | D:4      | Reached skill level 9 in Hexes
  5173 | D:4      | Noticed Crazy Yiuf
  5177 | D:4      | Killed Crazy Yiuf
  5231 | D:5      | Entered Level 5 of the Dungeon
  5337 | D:4      | Reached skill level 10 in Hexes
  5682 | D:5      | Learned a level 4 spell: Enslavement
  5750 | D:5      | Reached XP level 8. HP: 32/52 MP: 9/17
  5836 | D:5      | Learned a level 2 spell: Sure Blade
  5920 | D:5      | Reached skill level 11 in Hexes
  6232 | D:6      | Found a staircase to the Ecumenical Temple.
  6241 | Temple   | Entered the Ecumenical Temple
  6858 | D:6      | Noticed Menkaure
  6861 | D:6      | Noticed Duvessa
  6862 | D:6      | Noticed Dowan
  6934 | D:6      | Killed Menkaure
  7332 | D:6      | Reached skill level 5 in Short Blades
  7332 | D:6      | Reached skill level 12 in Hexes
  7697 | D:6      | Noticed Pikel
  7715 | D:6      | Killed Pikel
  7715 | D:6      | Reached XP level 9. HP: 57/57 MP: 7/19
  7858 | D:6      | Reached skill level 13 in Hexes
  7976 | D:6      | Killed Duvessa
  7986 | D:6      | Killed Dowan
  8077 | D:6      | Noticed Eustachio
  8081 | D:6      | Killed Eustachio
  9217 | D:7      | Reached skill level 14 in Hexes
  9585 | D:8      | Got a brightly glowing silver ring
  9598 | D:8      | Found an iron altar of Okawaru.
  9622 | D:8      | Reached skill level 10 in Stealth
  9649 | D:8      | Found a glowing golden altar of the Shining One.
  9727 | D:8      | Noticed a red ugly thing
  9746 | D:8      | Killed a red ugly thing
 10071 | D:8      | Found a shimmering altar of Xom.
 10071 | D:8      | Found a radiant altar of Vehumet.
 10072 | D:8      | Found a basalt altar of Yredelemnul.
 10072 | D:8      | Found a sparkling altar of Nemelex Xobeh.
 10075 | D:8      | Found a shattered altar of Ashenzari.
 10076 | D:8      | Found an ancient bone altar of Kikubaaqudgha.
 10077 | D:8      | Found a bloodstained altar of Trog.
 10126 | D:8      | Identified the ring of Liberty {+Fly Slay+4} (You found it on level 8 of the Dungeon)
 10126 | D:8      | Became a worshipper of Ashenzari the Shackled
 10185 | D:8      | Reached XP level 10. HP: 63/63 MP: 20/20
 10730 | D:8      | Reached skill level 1 in Shields
 11449 | D:9      | Reached skill level 15 in Hexes
 11685 | D:9      | Found a deep blue altar of Sif Muna.
 11876 | D:10     | Entered Level 10 of the Dungeon
 11879 | D:10     | Noticed an unseen horror
 11885 | D:10     | Killed an unseen horror
 11908 | D:10     | Found a shimmering altar of Xom.
 12108 | D:10     | Found Pubbuc's Armour Shop.
 12315 | D:10     | Reached skill level 5 in Shields
 12569 | D:10     | Noticed an unseen horror
 12577 | D:10     | Killed an unseen horror
 12600 | D:10     | Acquired Ashenzari's first power
 12914 | D:10     | Reached XP level 11. HP: 68/68 MP: 18/22
 13106 | D:11     | Noticed a hill giant
 13113 | D:11     | Killed a hill giant
 13124 | D:11     | Reached skill level 5 in Spellcasting
 13141 | D:11     | Noticed a hill giant
 13152 | D:11     | Killed a hill giant
 13283 | D:11     | Noticed a hill giant
 13291 | D:11     | Killed a hill giant
 13299 | D:11     | Learned a level 6 spell: Invisibility
 13512 | D:11     | Reached skill level 16 in Hexes
 13530 | D:11     | Found a staircase to the Orcish Mines.
 13879 | D:11     | Found a viscous altar of Jiyva.
 14359 | D:11     | Found a staircase to the Lair.
 14842 | Lair:1   | Entered Level 1 of the Lair of Beasts
 14849 | Lair:1   | Identified Sif Muna's Collected Works on Beguiling
 15150 | Lair:1   | Acquired Ashenzari's second power
 15806 | Lair:2   | Noticed Harold
 15809 | Lair:2   | Killed Harold
 15879 | Lair:2   | Acquired Ashenzari's third power
 16177 | Lair:2   | Reached skill level 10 in Short Blades
 16234 | Lair:2   | Noticed Nergalle
 16243 | Lair:2   | Killed Nergalle
 16243 | Lair:2   | Reached XP level 12. HP: 74/74 MP: 14/25
 16267 | Lair:2   | Noticed a four-headed hydra
 16272 | Lair:2   | Killed a four-headed hydra
 16273 | Lair:2   | Noticed Gastronok
 16303 | Lair:2   | Killed Gastronok
 16803 | Lair:3   | Reached skill level 17 in Hexes
 17017 | Lair:3   | Reached skill level 15 in Stealth
 17638 | Lair:4   | Acquired Ashenzari's fourth power
 17659 | Lair:4   | Found a staircase to the Swamp.
 17691 | Lair:4   | Found a hole to the Spider Nest.
 18101 | Lair:4   | Identified the cursed -1 robe of Shruinol {rPois rF+}
 18526 | Lair:5   | Noticed a six-headed hydra
 18534 | Lair:5   | Killed a six-headed hydra
 19142 | Lair:5   | Reached XP level 13. HP: 79/79 MP: 26/26
 19527 | Lair:6   | Identified a +0 rod of inaccuracy (13/13)
 19993 | Lair:6   | Found a staircase to the Slime Pits.
 20154 | Lair:6   | Reached skill level 18 in Hexes
 20677 | Lair:7   | Found a frozen archway.
 20708 | IceCv    | Entered an ice cave
 20984 | IceCv    | Identified the cursed ring of Daodgh {AC-2 Str+1 Dex-5}
 20984 | IceCv    | Identified the amulet of Olefuix {Faith Str+5 Dex+2}
 21583 | Lair:7   | Reached skill level 1 in Fighting
 22347 | Lair:8   | Entered Level 8 of the Lair of Beasts
 22403 | Lair:8   | Identified a scroll of acquirement
 22403 | Lair:8   | Identified the cursed +2 pair of gloves of Dishonesty {Str+3 Int+3} (You acquired it on level 8 of the Lair of Beasts)
 22836 | Lair:8   | Reached XP level 14. HP: 95/95 MP: 19/27
 22863 | Lair:8   | Reached skill level 19 in Hexes
 23089 | Lair:8   | Identified the cursed +3 whip "Xaesy" {flame, rC- rN+}
 23110 | Lair:8   | Reached skill level 5 in Fighting
 23123 | Lair:8   | Identified the Compendium of the Marlin (You found it on level 8 of the Lair of Beasts)
 23770 | Lair:8   | Learned a level 3 spell: Passwall
 24755 | D:12     | Reached skill level 1 in Transmutations
 25492 | D:12     | Found a basalt altar of Yredelemnul.
 26246 | D:13     | Found Fuutua's Assorted Antiques.
 26254 | D:13     | Bought a scroll of identify for 50 gold pieces
 26502 | D:13     | Reached skill level 5 in Transmutations
 27438 | D:14     | Found a gate to the Vaults.
 27438 | D:14     | Noticed Rupert
 27438 | D:14     | Noticed Donald
 27443 | D:14     | Killed Rupert
 27443 | D:14     | Reached skill level 20 in Hexes
 27451 | D:14     | Reached XP level 15. HP: 105/105 MP: 22/27
 27460 | D:14     | Killed Donald
 27724 | D:14     | Noticed Nessos
 27731 | D:14     | Killed Nessos
 28109 | D:15     | Entered Level 15 of the Dungeon
 28538 | D:15     | Found a staircase to the Depths.
 29702 | Swamp:1  | Entered Level 1 of the Swamp
 29999 | Swamp:1  | Reached skill level 1 in Evocations
 30013 | Swamp:1  | Noticed Josephine
 30023 | Swamp:1  | Killed Josephine
 31226 | Swamp:2  | Noticed Snorg
 31234 | Swamp:2  | Killed Snorg
 31497 | Swamp:2  | Reached skill level 21 in Hexes
 31850 | Swamp:2  | Reached skill level 5 in Evocations
 31858 | Swamp:2  | Reached XP level 16. HP: 97/113 MP: 24/28
 32596 | Swamp:3  | Noticed Aizul
 32605 | Swamp:3  | Killed Aizul
 33519 | Swamp:4  | Noticed Roxanne
 33568 | Swamp:4  | Killed Roxanne
 34530 | Swamp:5  | Entered Level 5 of the Swamp
 34861 | Swamp:5  | Got a decaying rune of Zot
 35338 | Swamp:5  | Identified the +11 dagger of Esmiun {stab, Stlth+}
 35911 | Spider:1 | Entered Level 1 of the Spider Nest
 36271 | Spider:4 | Learned a level 1 spell: Apportation
 36290 | Spider:5 | Entered Level 5 of the Spider Nest
 36602 | Spider:5 | Reached skill level 1 in Translocations
 36615 | Spider:5 | Reached skill level 22 in Hexes
 36912 | Spider:5 | Reached XP level 17. HP: 117/122 MP: 25/29
 36932 | Spider:5 | Got a gossamer rune of Zot
 37523 | D:11     | Upgraded the game from 0.16-a0-5-g756871a to 0.16-a0-38-g23a437e
 37687 | Vaults:1 | Entered Level 1 of the Vaults
 38640 | Vaults:1 | Learned a level 5 spell: Silence
 39550 | Vaults:1 | Paralysed by a great orb of eyes for 3 turns
 39652 | Vaults:1 | Paralysed by an ogre mage for 5 turns
 40550 | Vaults:2 | Found Schoutro's Assorted Antiques.
 40553 | Vaults:2 | Bought a scroll labeled RUENLE MATEKUL for 23 gold pieces
 40553 | Vaults:2 | Bought a scroll of identify for 46 gold pieces
 40920 | Vaults:2 | Reached skill level 1 in Charms
 41077 | Vaults:2 | Reached skill level 23 in Hexes
 41660 | Vaults:2 | Reached XP level 18. HP: 113/129 MP: 29/34
 41699 | Vaults:2 | Paralysed by a great orb of eyes for 5 turns
 42026 | Vaults:2 | Reached skill level 10 in Spellcasting
 42643 | Vaults:2 | Learned a level 7 spell: Darkness
 43105 | Vaults:2 | Noticed a tentacled monstrosity
 43108 | Vaults:2 | Noticed a tentacled monstrosity
 43111 | Vaults:2 | HP: 4/129 [sphinx/divine providence (12)]
 43112 | Vaults:2 | Slain by an ettin

Action                   |  1- 3 |  4- 6 |  7- 9 | 10-12 | 13-15 | 16-18 || total
-------------------------+-------+-------+-------+-------+-------+-------++-------
Melee: Dagger            |    92 |   150 |   282 |   571 |   832 |   709 ||  2636
 Cast: Corona            |     3 |     2 |     3 |     1 |     1 |     5 ||    15
       Ensorcelled Hiber |    18 |    36 |   106 |   108 |    75 |    77 ||   420
       Confuse           |     1 |     7 |    17 |    15 |    16 |    12 ||    68
       Enslavement       |       |       |     7 |     4 |     9 |    25 ||    45
       Sure Blade        |       |       |       |     2 |     6 |     7 ||    15
       Invisibility      |       |       |       |     8 |    28 |    36 ||    72
       Dazzling Spray    |       |       |       |    16 |       |     3 ||    19
       Passwall          |       |       |       |       |     7 |     4 ||    11
       Apportation       |       |       |       |       |       |    12 ||    12
 Abil: End Transformatio |       |       |       |       |     1 |       ||     1
       Bat Form          |       |       |       |       |     1 |       ||     1
       Evoke Flight      |       |       |       |       |     7 |    16 ||    23
Evoke: Wand              |       |    20 |     1 |     9 |     2 |    13 ||    45
  Use: Potion            |     4 |     8 |     1 |     4 |     2 |     9 ||    28
       Scroll            |     3 |     7 |    12 |    22 |    14 |    17 ||    75
 Stab: Sleeping          |    14 |    36 |   103 |   190 |   310 |   217 ||   870
       Confused          |     1 |     2 |     8 |     9 |    10 |     8 ||    38
       Distracted        |     1 |       |     1 |     4 |     5 |     2 ||    13
       Invisible         |       |     2 |       |    20 |    61 |    79 ||   162
       Betrayed ally     |       |       |       |       |       |     6 ||     6
  Eat: Corpse            |       |       |       |       |       |     1 ||     1
